 Dungeon Crawl Stone Soup version 0.31-a0-618-g7ca08c1ff9 (webtiles) character file.

Game seed: 7878004580666789039

72795 ooooo the Frost Mage (level 15, 0/101 HPs)
             Began as an Octopode Conjurer on Aug 22, 2023.
             Was an Initiate of Gozag.
             Killed from afar by an eleionoma (39 damage)
             ... with a spray of wooden splinters
             ... on level 1 of the Swamp.
             The game lasted 02:30:40 (47842 turns).

ooooo the Frost Mage (Octopode Conjurer)           Turns: 47842, Time: 02:30:41

Health: 0/101      AC:  3    Str: 19    XL:     15   Next: 41%
Magic:  36/36      EV: 17    Int: 35    God:    Gozag
Gold:   3855       SH:  0    Dex: 14    Spells: 14/31 levels left

rFire   + + .        E - +9 dagger of the Special Beds {freeze, rF+ Stlth+}
rCold   + + +        r - orb of Music {*Rage, Drain rCorr Dex+2 SInv}
rNeg    + . .        y - +2 hat {Will+}
rPois   +            C - amulet of Ashenzari's Favour {Faith rPois Int+3}
rElec   +            x - ring of magical power
rCorr   +            o - ring of Gaosurat {rElec Int+6 Stlth+}
SInv    +            J - ring "Vaok" {rF+ Str+3}
Will    ++...        Q - ring of positive energy
Stlth   +++++++++    b - ring of ice
HPRegen 0.36/turn    I - ring "Kademiz" {rF+ Str+3}
MPRegen 0.25/turn    O - ring "Jebb" {rElec Str+6}
                     d - ring of ice

%: random rage (20%), faith
@: resistant, hasted, studying Ice Magic, very quick
A: almost no armour, amphibious, 8 rings, camouflage 1, gelatinous body 1,
nimble swimmer 1, tentacles
a: Renounce Religion, Potion Petition, Call Merchant, Bribe Branch


You were on level 1 of the Swamp.
You worshipped Gozag.
Gozag was most pleased with you.
You visited 5 branches of the dungeon, and saw 20 of its levels.
You also visited: Gauntlet.

You collected 6012 gold pieces.
You spent 476 gold pieces at shops.
You paid 1681 gold pieces to Gozag.

Inventory:

Hand Weapons
 E - the +9 dagger of the Special Beds (weapon) {freeze, rF+ Stlth+}
   (You took it off an orc warrior on level 7 of the Dungeon)

   rF+:       It protects you from fire.
   Stlth+:    It makes you more stealthy.
Armour
 r - the orb of Music (worn) {*Rage, Drain rCorr Dex+2 SInv}
   (You found it on level 5 of the Dungeon)

   Dex+2:     It affects your dexterity (+2).
   SInv:      It lets you see invisible.
   rCorr:     It protects you from acid and corrosion.
   Drain:     It drains your maximum health when unequipped.
 y - a +2 hat of willpower (worn)
Jewellery
 b - a ring of ice (on tentacle)
 d - a ring of ice (on tentacle)
 h - a ring of ice
 o - the ring of Gaosurat (right tentacle) {rElec Int+6 Stlth+}
   (You took it off a gnoll sergeant on level 7 of the Dungeon)

   [ring of intelligence]

   Int+6:     It affects your intelligence (+6).
   rElec:     It insulates you from electricity.
   Stlth+:    It makes you more stealthy.
 x - a ring of magical power (left tentacle)
 C - the amulet of Ashenzari's Favour (around mantle) {Faith rPois Int+3}
   (You took it off a kobold on level 7 of the Dungeon)

   [amulet of faith]

   Faith:     It allows you to gain divine favour quickly.
   Int+3:     It affects your intelligence (+3).
   rPois:     It protects you from poison
 I - the ring "Kademiz" (on tentacle) {rF+ Str+3}
   (You found it in a Gauntlet)

   [ring of protection from fire]

   Str+3:     It affects your strength (+3).
   rF+:       It protects you from fire.
 J - the ring "Vaok" (on tentacle) {rF+ Str+3}
   (You found it on level 7 of the Dungeon)

   [ring of protection from fire]

   Str+3:     It affects your strength (+3).
   rF+:       It protects you from fire.
 O - the ring "Jebb" (on tentacle) {rElec Str+6}
   (You found it in a Gauntlet)

   [ring of strength]

   Str+6:     It affects your strength (+6).
   rElec:     It insulates you from electricity.
 Q - a ring of positive energy (on tentacle)
Wands
 n - a wand of polymorph (15)
 s - a wand of acid (12)
 u - a wand of charming (14)
 z - a wand of roots (8)
 M - a wand of digging (18)
 S - a wand of mindburst (7)
Scrolls
 e - 3 scrolls of immolation
 i - 2 scrolls of fog
 m - 3 scrolls of poison
 p - 10 scrolls of teleportation
 q - 2 scrolls of amnesia
 F - 2 scrolls of fear
 P - 3 scrolls of blinking
 R - 2 scrolls of identify
 T - a scroll of vulnerability
 V - a scroll of revelation
Potions
 a - 2 potions of magic
 c - 2 potions of enlightenment
 f - 11 potions of curing
 k - 3 potions of might
 l - 3 potions of ambrosia
 t - 6 potions of haste
 w - a potion of lignification
 D - a potion of mutation
 H - 3 potions of attraction
 N - 2 potions of brilliance


   Skills:
 + Level 9.0 Fighting
 + Level 9.2 Dodging
 + Level 12.9 Stealth
 + Level 8.8 Spellcasting
 - Level 12.0 Conjurations
 - Level 11.0 Hexes
 - Level 10.0 Translocations
 + Level 13.0 Ice Magic


You had 14 spell levels left.
You knew the following spells:

 Your Spells              Type           Power      Damage    Failure   Level
a - Searing Ray           Conj           100%       2d8       1%          2
b - Magic Dart            Conj           100%       1d8       1%          1
c - Fulminant Prism       Conj/Hex       38%        3d17      1%          4
d - Iskenderun's Mystic   Conj/Tloc      75%        2d15      1%          4
e - Tukima's Dance        Hex            75%        N/A       1%          3
f - Ozocubu's Armour      Ice            100%       N/A       1%          3

Your spell library contained the following spells:

 Spells                   Type           Power      Damage    Failure   Level
 Apportation              Tloc           100%       N/A       1%          1
 Foxfire                  Conj/Fire      100%       2x1d9     1%          1
 Dazzling Flash           Conj/Hex       100%       N/A       1%          3
 Frozen Ramparts          Ice            100%       1d16      1%          3
 Portal Projectile        Hex/Tloc       100%       N/A       1%          3
 Stone Arrow              Conj/Erth      100%       3d13      1%          3
 Vhi's Electric Charge    Tloc/Air       100%       N/A       1%          3
 Volatile Blastmotes      Fire/Tloc      100%       2d18      1%          3
 Metabolic Englaciation   Hex/Ice        61%        N/A       1%          5
 Sandblast                Erth           30%        2d9       2%          1
 Flame Wave               Conj/Fire      55%        2d13      2%          4
 Passwall                 Tmut/Erth      12%        N/A       4%          2
 Poisonous Vapours        Pois/Air       30%        N/A       4%          2
 Arcjolt                  Conj/Air       27%        1d37      7%          5
 Petrify                  Tmut/Erth      15%        N/A       28%         4
 Summon Lightning Spire   Summ/Air       15%        N/A       28%         4
 Starburst                Conj/Fire      27%        6d9       36%         6
 Lee's Rapid Deconstruct  Erth           7%         3d7*      61%         5
 Death Channel            Necr           7%         N/A       99%         6
 Plasma Beam              Fire/Air       7%         2x1d18    99%         6
 Borgnjor's Revivificati  Necr           7%         N/A       100%        8
 Ignition                 Fire           7%         3d5       100%        8
 Maxwell's Capacitive Co  Air            7%         ∞         100%        8
 Animate Armour           Summ/Erth      Unusable   N/A       N/A         4

Dungeon Overview and Level Annotations

Branches:
Dungeon (11/15) Zot: 25160  Temple (1/1) D:6 Zot: 5883    Lair (5/5) D:10 Zot: 13535
  Swamp (1/4) Lair:2 Zot: 5867   Snake (0/4) Lair:2        Slime (0/5) Lair:4
    Orc (2/2) D:11 Zot: 7559     Elf (0/3) Orc:2       Gauntlet (visited)

Altars:
Ashenzari
Cheibriados
Dithmenos
Elyvilon
Fedhas
Gozag
Hepliaklqana
Kikubaaqudgha
Makhleb
Nemelex Xobeh
Okawaru
Qazlal
Ru
Sif Muna
Trog
Uskayaw
Vehumet
Wu Jian
Xom
Yredelemnul
Zin
The Shining One
Jiyva

Shops:
D:4 !(!*(   D:7 !   Orc:2 (?([[

Annotations:
D:3 3 runed translucent doors, dialectric's ghost, amateur DsFi; rddays123's ghost, amateur MiFi; sunglassesatnite's ghost, amateur MiBe; wormstring's ghost, amateur HOMo
D:9 3 runed translucent doors, rddays123's ghost, novice OpMo
Lair:4 1 runed translucent door


Innate Abilities, Weirdness & Mutations

You cannot wear most types of armour.
You are amphibious.
You can wear up to eight rings at the same time.
Your skin changes colour to match your surroundings (Stealth+).
Your rubbery body absorbs attacks. (AC +1, EV +1)
You are camouflaged when in or above water. (Stealth+)
You have tentacles for arms and can constrict up to eight enemies at once.


Message History

Okay, then.
You climb downwards.
Welcome back to the Swamp!
This branch is noisy: sounds don't travel as far here.
This branch contains the decaying rune of Zot.
A tree reaches out and hits you!
You are hit by a branch!
The alligator closely misses you. The alligator misses you.
The bunyip claws you!! The bunyip barely misses you. The bunyip claws you!
* * * LOW HITPOINT WARNING * * *
The alligator bites you!
* * * LOW HITPOINT WARNING * * *
The alligator tail-slaps you!
* * * LOW HITPOINT WARNING * * *
There is a staircase back to the Lair, spattered with blood here.
Blink to where?
Press: ? - help, Dir - move target Floosh!
You fall into the shallow water.
As you read the scroll of blinking, it crumbles to dust.
An eleionoma comes into view.
The spriggan druid calls out to the beasts of the wild!
Unknown command.
Casting: Iskenderun's Mystic Blast (safe; 1% risk of failure)
Confirm with . or Enter, or press ? or * to list all spells.
You erupt in a blast of force!
The mystic blast hits the alligator!
The alligator is lightly wounded.
The alligator is knocked back by the mystic blast.
The eleionoma flows through the trees.
The bunyip howls a warning cry! [a] - 936 gold - heal wounds, curing, magic, haste and resistance [b] - 336 gold - brilliance, magic and might [c] - 220 gold - heal wounds and berserk rage Purchase which effect?
You feel much better.
You feel better. Magic courses through your body.
You feel yourself speed up.
You feel protected.
A swamp worm comes into view.
The eleionoma hurls a spray of splinters at you.
The spray of wooden splinters hits you!!!
You die...
Your body crumbles into a pile of gold.

§~......~~§~~~.~~~♣.~.♣
~~.~~~~♣.~~.~♣~~$§♣~~.♣
~~.$~~~~.~~~~♣~~$.♣~..♣
.~~~~~.~~.♣.~~.x.♣♣~~♣♣
..~~~~.§~~~~~i~~w♣♣..♣
.~.....~~~..~♣~~.♣♣..♣
.~~§~~~§.~~.~♣~~tR~..♣
.~~$~.~§~§~~♣~~~~~~~.♣
.~..~.>♣~~~.~..t@~~♣.♣
.♣~~~♣....~.~~~~~~~~~.♣
~§.......~~(~~~~~~~.~♣♣
.~~~.~~~~~~~~~~..~..♣
~..~..~~..♣..~~♣..§♣
~♣...♣♣~♣♣♣.~~♣ ~~~♣~
♣~♣ .... ~~ ~§ ♣.♣ ..w


You could see a bunyip, an eleionoma, 2 alligators, a spriggan druid and 2 swamp
worms.

Vanquished Creatures
  Gastronok (Lair:2)
  An orc warlord (Orc:2)
  A minotaur (Gauntlet)
  Snorg (Orc:1)
  2 hydras
  Fannar (Lair:1)
  2 ogre magi (Orc:2)
  An alligator (Swamp:1)
  7 two-headed ogres (Orc:2)
  3 boulder beetles
  8 death yaks
  A death scarab (Gauntlet)
  A wretched star (Gauntlet)
  3 bog bodies (Lair:2)
  2 deep trolls (Orc:2)
  A lindwurm (Lair:3)
  An ugly thing (D:7)
  An orc knight (Orc:2)
  An oklob plant (Gauntlet)
  An orc sorcerer (Orc:1)
  3 cyclopes
  6 elephants (Lair:5)
  2 ice statues
  4 black mambas
  2 unseen horrors (D:7)
  19 cane toads
  A gargoyle (D:10)
  Jeremiah (D:8)
  8 komodo dragons
  3 rime drakes
  An ice devil (Lair:2)
  9 polar bears
  Grinder (D:3)
  10 trolls
  4 tyrant leeches (Swamp:1)
  3 hornets (Lair:5)
  13 blink frogs
  4 dream sheep (Lair:5)
  A slime creature (D:7)
  28 yaks
  13 spriggans (Lair:5)
  3 wraiths
  A vampire (D:9)
  6 wyverns
  2 dancing weapons
  A basilisk (Lair:1)
  5 steam dragons
  2 vampire mosquitoes (Swamp:1)
  Grum (D:10)
  A spectral cane toad (Gauntlet)
  5 wargs
  2 small abominations (Gauntlet)
  2 acid dragons
  19 water moccasins
  21 orc warriors
  3 black bears
  3 ice beasts
  A swamp drake (D:11)
  3 sky beasts
  4 boggarts (Lair:5)
  3 centaurs
  13 ogres
  27 wolves
  4 kobold brigands
  A two-headed ogre simulacrum (Lair:2)
  A gnoll sergeant (D:7)
  17 bullfrogs
  8 scorpions
  12 wights
  13 killer bees
  6 electric eels
  4 howler monkeys
  5 hounds
  2 lava snakes (D:7)
  18 orc priests
  6 jellies
  A gnoll bouda (D:7)
  A sleepcap (D:5)
  Natasha (twice) (D:4 D:3)
  Terence (D:3)
  14 iguanas
  35 orc wizards
  A wolf simulacrum (Lair:2)
  4 gnolls (D:7)
  4 adders
  4 white imps
  2 ufetubi
  2 worms
  3 dart slugs
  92 orcs
  5 ball pythons
  6 endoplasms
  5 giant cockroaches
  8 goblins
  6 hobgoblins
  7 jackals
  22 kobolds
  4 quokkas
  5 bats
  3 frilled lizards
  4 rats (D:1)
  A fulminant prism (Lair:2)
643 creatures vanquished.

Vanquished Creatures (collateral kills)
  A two-headed ogre (Orc:2)
  An orc warrior (Orc:2)
  10 ogres (Orc:2)
  A scorpion (D:7)
  2 orcs
  A kobold (D:9)
16 creatures vanquished.

Vanquished Creatures (others)
  3 dancing weapons (Orc:2)
  A water moccasin (D:9)
  445 fulminant prisms
449 creatures vanquished.

Grand Total: 1108 creatures vanquished

Notes
Turn   | Place    | Note
-------+----------+-------------------------------------------
     0 | D:1      | ooooo the Octopode Conjurer began the quest for the Orb.
     0 | D:1      | Reached XP level 1. HP: 11/11 MP: 3/3
   397 | D:1      | Reached XP level 2. HP: 17/17 MP: 3/5
   400 | D:1      | Learned a level 2 spell: Searing Ray
   487 | D:1      | Found a faded altar of an unknown god.
  1166 | D:1      | Reached XP level 3. HP: 21/21 MP: 1/6
  1505 | D:2      | Reached skill level 5 in Conjurations
  1531 | D:2      | Found a hazy altar of Hepliaklqana.
  1914 | D:2      | Reached skill level 1 in Hexes
  2406 | D:3      | Reached XP level 4. HP: 27/27 MP: 4/7
  2635 | D:3      | Noticed a water moccasin
  2661 | D:3      | Killed a water moccasin
  2662 | D:3      | Reached XP level 5. HP: 13/31 MP: 2/9
  2799 | D:3      | Noticed Grinder
  2805 | D:3      | Paralysed by Grinder for 3 turns
  2810 | D:3      | Killed Grinder
  2811 | D:3      | Reached XP level 6. HP: 16/36 MP: 0/10
  2817 | D:3      | Learned a level 4 spell: Fulminant Prism
  2916 | D:3      | Learned a level 4 spell: Iskenderun's Mystic Blast
  3167 | D:3      | Noticed Terence
  3176 | D:3      | Killed Terence
  3177 | D:3      | Reached XP level 7. HP: 41/41 MP: 3/11
  3410 | D:3      | Reached skill level 1 in Translocations
  4077 | D:3      | Found a runed translucent gate.
  4077 | D:3      | Found a runed translucent gate.
  4077 | D:3      | Found a runed translucent gate.
  4078 | D:3      | Noticed sunglassesatnite's ghost (amateur MiBe)
  4079 | D:3      | Noticed wormstring's ghost (amateur HOMo)
  4079 | D:3      | Noticed rddays123's ghost (amateur MiFi)
  4079 | D:3      | Noticed dialectric's ghost (amateur DsFi)
  4127 | D:4      | Found Nirhi's General Store.
  4443 | D:4      | Found Wyvum's Weapon Shop.
  4782 | D:4      | Noticed Natasha
  5681 | D:4      | Killed Natasha
  6096 | D:4      | Found Huremuot's Distillery.
  6129 | D:4      | Noticed Natasha
  6145 | D:3      | Killed Natasha
  6146 | D:3      | Reached XP level 8. HP: 44/46 MP: 4/12
  6283 | D:4      | Found a glowing silver altar of Zin.
  6679 | D:4      | Bought a potion of heal wounds for 50 gold pieces
  6679 | D:4      | Bought 2 potions of degeneration for 20 gold pieces
  6845 | D:4      | Found Gemy's Distillery.
  6878 | D:4      | Found Weduloich's Antique Weapon Shop.
  6992 | D:5      | Entered Level 5 of the Dungeon
  7244 | D:5      | Identified the orb of Music {*Rage, Drain rCorr Dex+2 SInv}
  7254 | D:5      | Found a snail-covered altar of Cheibriados.
  8068 | D:5      | Reached skill level 5 in Hexes
  9029 | D:5      | Noticed Ijyb
  9037 | D:5      | Ijyb changed into Ijyb the hound
  9037 | D:5      | Noticed Ijyb
  9042 | D:5      | Killed Ijyb the hound
  9903 | D:5      | Found a shimmering blue altar of Sif Muna.
  9920 | D:5      | Reached skill level 1 in Fighting
  9956 | D:5      | Got Sif Muna's Spellbook of Direction
 10250 | D:6      | Found a staircase to the Ecumenical Temple.
 10305 | Temple   | Entered the Ecumenical Temple
 10879 | D:6      | Found a white marble altar of Elyvilon.
 11207 | D:7      | Noticed a wyvern
 11407 | D:6      | Killed a wyvern
 11408 | D:6      | Reached XP level 9. HP: 6/54 MP: 2/14
 11776 | D:5      | Learned a level 3 spell: Tukima's Dance
 14116 | D:7      | Reached skill level 5 in Stealth
 14303 | D:7      | Noticed a red ugly thing
 14322 | D:7      | Killed a red ugly thing
 14916 | D:7      | Noticed a cyclops
 14945 | D:7      | Killed a cyclops
 14946 | D:7      | Reached skill level 5 in Translocations
 14946 | D:7      | Reached XP level 10. HP: 63/63 MP: 10/16
 15143 | D:7      | Noticed a boulder beetle
 15204 | D:7      | Identified the +5 trident of the Skies Above {antimagic,
                  | rC++ rN+ Str+2 Dex-2}
 15204 | D:7      | Identified the ring of Gaosurat {rElec Int+6 Stlth+}
 15448 | D:7      | Identified the amulet of Ashenzari's Favour {Faith rPois
                  | Int+3}
 15579 | D:7      | Killed a boulder beetle
 15823 | D:7      | Identified the +9 dagger of the Special Beds {freeze, rF+
                  | Stlth+}
 15965 | D:7      | Noticed an unseen horror
 16147 | D:7      | Killed an unseen horror
 16239 | D:7      | Noticed an unseen horror
 16243 | D:7      | Killed an unseen horror
 16305 | D:7      | Got the Collected Works on Igneous Ouranomancy
 16309 | D:7      | Got the Vademecum on Numb Spectres
 16494 | D:7      | Identified the ring "Vaok" {rF+ Str+3}
 17008 | D:7      | Found a burning altar of Makhleb.
 17060 | D:7      | Found Zetock's Distillery.
 17068 | D:7      | Bought a potion of attraction for 39 gold pieces
 17439 | D:8      | Reached skill level 5 in Spellcasting
 17439 | D:8      | Reached skill level 1 in Ice Magic
 17442 | D:8      | Reached XP level 11. HP: 58/69 MP: 7/18
 17993 | D:8      | Noticed Jeremiah
 18535 | D:8      | Reached skill level 2 in Ice Magic
 18763 | D:8      | Killed Jeremiah
 18764 | D:8      | Reached skill level 5 in Dodging
 19094 | D:7      | Learned a level 3 spell: Ozocubu's Armour
 19390 | D:8      | Found a glowing golden altar of the Shining One.
 20152 | D:9      | Reached skill level 3 in Ice Magic
 20473 | D:9      | Found a runed translucent gate.
 20473 | D:9      | Found a runed translucent gate.
 20473 | D:9      | Found a runed translucent gate.
 20473 | D:9      | Noticed rddays123's ghost (novice OpMo)
 20545 | D:9      | Found a bloodstained altar of Trog.
 20548 | D:9      | Found a stormy altar of Qazlal.
 20551 | D:9      | Found a sparkling altar of Nemelex Xobeh.
 20554 | D:9      | Found an ornate altar of the Wu Jian Council.
 20554 | D:9      | Found an opulent altar of Gozag.
 20557 | D:9      | Found a radiant altar of Vehumet.
 20560 | D:9      | Found a shadowy altar of Dithmenos.
 20562 | D:9      | Became a worshipper of Gozag Ym Sagoz the Greedy
 20844 | D:9      | Found a blossoming altar of Fedhas.
 20878 | D:9      | Found a broken altar of Ashenzari.
 21225 | D:10     | Entered Level 10 of the Dungeon
 21716 | D:10     | Reached skill level 10 in Conjurations
 21720 | D:10     | Noticed Grum
 21971 | D:10     | Found a staircase to the Lair.
 22009 | D:10     | Reached skill level 4 in Ice Magic
 22487 | D:10     | Killed Grum
 22722 | D:10     | Found a sacrificial altar of Ru.
 23013 | Lair:1   | Entered Level 1 of the Lair of Beasts
 23879 | Lair:1   | Reached skill level 5 in Ice Magic
 23883 | Lair:1   | Noticed Fannar
 24185 | Lair:1   | Killed Fannar
 24186 | Lair:1   | Reached skill level 5 in Fighting
 24341 | Lair:1   | Reached XP level 12. HP: 18/77 MP: 10/20
 25183 | Lair:1   | Reached skill level 6 in Ice Magic
 25879 | Lair:2   | Found a staircase to the Snake Pit.
 26360 | Lair:2   | Noticed Gastronok
 26397 | Lair:2   | Killed Gastronok
 26778 | Lair:2   | Reached skill level 7 in Ice Magic
 26923 | Lair:2   | Found a staircase to the Swamp.
 27266 | Lair:2   | Noticed a death yak
 27625 | Lair:2   | Noticed a death yak
 27697 | Lair:2   | Killed a death yak
 27935 | Lair:2   | Killed a death yak
 29217 | Lair:3   | Reached skill level 8 in Ice Magic
 29298 | Lair:2   | Upgraded the game from 0.31-a0-609-g7bf6ffcfed to
                  | 0.31-a0-618-g7ca08c1ff9
 29462 | Lair:2   | Reached XP level 13. HP: 75/83 MP: 22/22
 30138 | Lair:2   | Reached skill level 10 in Hexes
 31668 | Lair:3   | Reached skill level 9 in Ice Magic
 34394 | Lair:4   | Found a runed translucent door.
 34396 | Lair:4   | Found a viscous altar of Jiyva.
 34396 | Lair:4   | Noticed an azure jelly
 34397 | Lair:4   | Found a staircase to the Slime Pits.
 34397 | Lair:4   | Noticed an azure jelly
 34397 | Lair:4   | Noticed an azure jelly
 34481 | Lair:5   | Entered Level 5 of the Lair of Beasts
 34712 | Lair:5   | Reached skill level 10 in Stealth
 34809 | Lair:5   | Found a gate leading to a gauntlet.
 34814 | Lair:5   | Reached skill level 10 in Ice Magic
 34821 | Gauntlet | Entered a Gauntlet
 34821 | Gauntlet | Found a transporter.
 34960 | Gauntlet | Found a transporter.
 34975 | Gauntlet | Found a transporter.
 34980 | Gauntlet | Found a transporter.
 34995 | Gauntlet | Found a transporter.
 35014 | Gauntlet | Found a transporter.
 35025 | Gauntlet | Found the +0 mask of the Dragon {Will+ Slay+3 SInv}
 35026 | Gauntlet | Found a transporter.
 35038 | Gauntlet | Found a transporter.
 35050 | Gauntlet | Found a transporter.
 35053 | Gauntlet | Noticed a balrug
 35062 | Gauntlet | Found a transporter.
 35066 | Gauntlet | Noticed a quicksilver ooze
 35079 | Gauntlet | Found a transporter.
 35097 | Gauntlet | Found a transporter.
 35099 | Gauntlet | Found a transporter.
 35101 | Gauntlet | Found a runed translucent gate.
 35101 | Gauntlet | Found a runed translucent gate.
 35101 | Gauntlet | Found a runed translucent gate.
 35104 | Gauntlet | Found a large runed translucent door.
 35104 | Gauntlet | Found a large runed translucent door.
 35104 | Gauntlet | Found a large runed translucent door.
 35104 | Gauntlet | Found a large runed translucent door.
 35107 | Gauntlet | Found a large runed translucent door.
 35107 | Gauntlet | Found a large runed translucent door.
 35108 | Gauntlet | Found a large runed translucent door.
 35108 | Gauntlet | Found a large runed translucent door.
 35111 | Gauntlet | Found a large runed translucent door.
 35111 | Gauntlet | Found a large runed translucent door.
 35111 | Gauntlet | Found a runed translucent door.
 35111 | Gauntlet | Found a runed translucent door.
 35112 | Gauntlet | Found a large runed translucent door.
 35113 | Gauntlet | Found a large runed translucent door.
 35122 | Gauntlet | Found a large runed translucent door.
 35122 | Gauntlet | Found a large runed translucent door.
 35123 | Gauntlet | Found a large runed translucent door.
 35124 | Gauntlet | Found a large runed translucent door.
 35126 | Gauntlet | Found a transporter.
 35144 | Gauntlet | Found a transporter.
 35146 | Gauntlet | Found a transporter.
 35224 | Gauntlet | Found a transporter.
 35270 | Gauntlet | Found a transporter.
 35850 | Gauntlet | Identified the ring "Kademiz" {rF+ Str+3}
 35900 | Gauntlet | Noticed a minotaur
 35912 | Gauntlet | Killed a minotaur
 35913 | Gauntlet | Reached XP level 14. HP: 90/90 MP: 7/24
 36038 | Gauntlet | Identified the ring "Jebb" {rElec Str+6}
 37696 | Lair:5   | Reached skill level 10 in Translocations
 37696 | Lair:5   | Reached skill level 11 in Ice Magic
 41677 | D:11     | Found a staircase to the Orcish Mines.
 42168 | Orc:1    | Entered Level 1 of the Orcish Mines
 42583 | Orc:2    | Entered Level 2 of the Orcish Mines
 42593 | Orc:2    | Found a staircase to the Elven Halls.
 42656 | Orc:2    | Noticed an orc warlord
 42678 | Orc:2    | Killed an orc warlord
 42842 | Orc:2    | Reached skill level 12 in Ice Magic
 43020 | Orc:2    | Found Weozasea's Antique Armour Shop.
 43870 | Orc:2    | Reached XP level 15. HP: 81/99 MP: 16/27
 45684 | Orc:2    | Found Gususoupn's Antique Weapon Shop.
 45746 | Orc:2    | Found Ureku's Weapon Shop.
 45750 | Orc:2    | Found Eruann's Armour Emporium.
 45759 | Orc:2    | Found Visotefa's Magic Scroll Boutique.
 45768 | Orc:2    | Bought a scroll of amnesia for 60 gold pieces
 45768 | Orc:2    | Bought a scroll of teleportation for 45 gold pieces
 45768 | Orc:2    | Bought a scroll of teleportation for 45 gold pieces
 45768 | Orc:2    | Bought a scroll of amnesia for 60 gold pieces
 45768 | Orc:2    | Bought a scroll of teleportation for 45 gold pieces
 45768 | Orc:2    | Bought a scroll of blinking for 112 gold pieces
 46079 | Orc:1    | Noticed Snorg
 46094 | Orc:1    | Killed Snorg
 46869 | Swamp:1  | Entered Level 1 of the Swamp
 46961 | Swamp:1  | Reached skill level 13 in Ice Magic
 47839 | Swamp:1  | HP: 4/101 [alligator[a spriggan druid] (7)]
 47842 | Swamp:1  | Killed from afar by an eleionoma

Illustrated notes

Levels and vault maps discovered:
D:1:      nicolae_arrival_somewhat_less_tricky_arrival, layout_basic,
          ebering_ecumenical_altar_ruins
D:2:      layout_loops_ring, basic_altar
D:3:      layout_loops_ring, gammafunk_ghost_cemetery, uniq_terence,
          uniq_grinder
D:4:      layout_basic, mainiacjoe_overflow_concentric_impassable, serial_shops,
          nicolae_square_shop, shop, shop, shop, nicolae_shop_real_fake_doors,
          interstate_on_off, uniq_natasha
D:5:      layout_basic, led_sif_book, amcnicky_altar_gilded, uniq_ijyb
D:6:      minmay_recursive_quarters, layout_rooms, elyvilon_altar_1,
          minmay_temple_entry_slanted, corexii_hall_statues_x
D:7:      minmay_the_grid_square_5x5_3x3 [minmay_the_grid_square_5x5_misaligned,
          minmay_the_grid_square_5x5_v, minmay_the_grid_square_5x5_dogpile,
          minmay_the_grid_square_5x5_two_walls_b,
          minmay_the_grid_square_5x5_megaprize_open,
          minmay_the_grid_square_5x5_comb, minmay_the_grid_square_5x5_n,
          minmay_the_grid_square_5x5_two, minmay_the_grid_square_5x5_plus],
          layout_loops_cross, lightli_temple_of_fire, nicolae_lava_and_water,
          nicolae_stop_n_shop_2, grunt_ministairs_9,
          nicolae_twisty_statue_hallways
D:8:      layout_rooms, nicolae_overflow_crystal_walls, uniq_jeremiah
D:9:      layout_rooms, mainiacjoe_overflow_cross_hatched,
          nicolae_overflow_hallway_of_the_gods,
          mainiacjoe_overflow_surrounded_room, biasface_ghost_orc_armoury
D:10:     layout_rooms, nicolae_ru_path_of_blood, lair_entry_dummy, uniq_grum
D:11:     lemuel_ice_statue, layout_loops_ring, erik_orc_1,
          dreamdust_princess_bridge, feat_on_display
Temple:   nicolae_temple_two_arcs
Lair:1:   layout_cellular_growth, grunt_megastairs_1, uniq_fannar
Lair:2:   dreamdust_isle_of_ice, layout_gridlike, skrybe_swamp_entry_bodies,
          dummy_snake_entry, grunt_megastairs_5, infiniplex_staircase_pool_2,
          serial_bayou_shore_b, uniq_gastronok
Lair:3:   beast_lair_carwin_large_4, layout_regular_city
Lair:4:   layout_loops_ring, slime_entry_2, beast_lair_carwin_7,
          lemuel_fruit_fields
Lair:5:   minmay_lair_end_enchanted_forest, layout_cave_pods,
          gauntlet_entry_generic
Swamp:1:  layout_falls_marsh, evilmike_swamp_ruin_rubble_1
Orc:1:    layout_caves, uniq_snorg
Orc:2:    st_orc_open, layout_diamond_mine, basic_altar, serial_shops,
          shop_fountains, nicolae_orc_sculptors_studio

Skill      XL: |  1  2  3  4  5  6  7  8  9 10 11 12 13 14 15 |
---------------+----------------------------------------------+-----
Conjurations   | 5 6 7 8 9 10 11 12 | 12.0
Hexes          | 1 2 3 4 5 7 8 9 10 11 | 11.0
Spellcasting   | 3 4 5 6 7 8 |  8.8
Translocations | 2 3 5 6 7 8 9 10 | 10.0
Stealth        | 4 5 6 8 9 10 12 | 12.9
Fighting       | 1 3 4 5 6 8 9 |  9.0
Dodging        | 3 4 5 6 7 8 9 |  9.2
Ice Magic      | 1 5 8 10 12 13 | 13.0

Action                     |  1- 3 |  4- 6 |  7- 9 | 10-12 | 13-15 || total
---------------------------+-------+-------+-------+-------+-------++-------
  Melee: Dagger            |     4 |       |     1 |    19 |    27 ||    51
         Constrict         |     1 |       |     3 |     2 |     6 ||    12
         Flail             |       |       |     4 |     3 |       ||     7
         Tentacles         |       |       |     1 |     4 |     3 ||     8
         Punch             |       |       |       |     2 |     1 ||     3
   Cast: Magic Dart        |    14 |     2 |    17 |    10 |    13 ||    56
         Searing Ray       |    25 |    13 |    61 |    28 |    32 ||   159
         Fulminant Prism   |       |       |    55 |   173 |   219 ||   447
         Iskenderun's Myst |       |       |    14 |    81 |   201 ||   296
         Tukima's Dance    |       |       |     3 |     9 |    39 ||    51
         Ozocubu's Armour  |       |       |       |     3 |    48 ||    51
 Invoke: Potion Petition   |       |       |       |       |     2 ||     2
  Evoke: Wand              |       |       |     4 |     2 |     1 ||     7
    Use: Scroll            |     1 |     4 |     7 |    15 |     5 ||    32
         Potion            |       |     1 |     3 |       |     2 ||     6
   Stab: Sleeping          |       |       |       |     1 |     3 ||     4
 Armour: Skin              |       |       |     1 |     5 |    45 ||    51
  Dodge: Dodged            |     8 |     1 |    43 |    82 |   177 ||   311
  Block: Other             |       |     2 |     8 |       |       ||    10
         Orb               |       |       |     2 |     1 |       ||     3
         Reflection        |       |       |     1 |       |       ||     1

Table legend: (Time is in decaauts)
 A = Elapsed time spent in this place.
 B = Non-inter-level travel time spent in this place.
 C = Inter-level travel time spent in this place.
 D = Time resting spent in this place.
 E = Time spent auto-exploring this place.
 F = Levels seen in this place.
 G = Mean time per level.
                   A        B        C        D        E       F      G
               +--------+--------+--------+--------+--------+-----+--------+
         Total |  48123 |  46582 |   1541 |  23373 |  16092 |  21 | 2291.6 |
       Dungeon |  25650 |  24572 |   1078 |  13892 |   7604 |  11 | 2331.8 |
        Temple |    116 |    116 |      0 |      0 |     23 |   1 |  116.0 |
          Lair |  16465 |  16069 |    396 |   7514 |   5775 |   5 | 3293.0 |
         Swamp |    131 |    131 |      0 |     36 |     28 |   1 |  131.0 |
  Orcish Mines |   4440 |   4374 |     66 |   1853 |   1929 |   2 | 2220.0 |
      Gauntlet |   1319 |   1319 |      0 |     77 |    733 |   1 | 1319.0 |
               +--------+--------+--------+--------+--------+-----+--------+

Top non-repeatable levels by time:
  Lair:2: 5686 daAuts
     D:7: 4214 daAuts
     D:6: 3923 daAuts
  Lair:5: 3584 daAuts
     D:3: 3302 daAuts
     D:4: 2989 daAuts
  Lair:1: 2897 daAuts
   Orc:2: 2484 daAuts
  Lair:4: 2440 daAuts
     D:5: 2159 daAuts
     D:9: 2127 daAuts
   Orc:1: 1955 daAuts
  Lair:3: 1857 daAuts
    D:10: 1631 daAuts
    D:11: 1488 daAuts
